 Dungeon Crawl Stone Soup version 0.31.0-12-g77e489cdc1 (webtiles) character file.

Game seed: 13241475766226600721

61 Killerpretzel the Changeling (level 4, 0/29 HPs)
             Began as an Octopode Shapeshifter on Mar 7, 2024.
             Slain by Jessica
             ... wielding a +0 dagger
              (4 damage)
             ... on level 2 of the Dungeon.
             The game lasted 00:00:44 (1152 turns).

Killerpretzel the Changeling (OpSh)                 Turns: 1152, Time: 00:00:44

Health: 0/29       AC:  1    Str: 13    XL:     4   Next: 7%
Magic:  4/4        EV: 13    Int: 12    God:
Gold:   93         SH:  0    Dex: 13    Spells: 3/3 levels left

rFire   . .          .
                       - Unarmed
rCold   . . .        (no shield)
rNeg    . . .        (helmet currently unavailable)
rPois   .            (no amulet)
rElec   .            (no ring)
rCorr   .            (no ring)
SInv    .            (no ring)
Will    .....        (no ring)
Stlth   ++           (no ring)
HPRegen 0.24/turn    (no ring)
MPRegen 0.09/turn    (no ring)
                     (no ring)

%: no passive effects
@: beast-form
A: beast (slay +2), almost no armour, amphibious, 8 rings, camouflage 1,
gelatinous body 1, (nimble swimmer 1), tentacles
a: Begin Untransformation


You were on level 2 of the Dungeon.
You were a hulking beast.
You visited 1 branch of the dungeon, and saw 2 of its levels.

You collected 93 gold pieces.

Inventory:

Talismans
 b - a beast talisman
 c - a flux talisman
Scrolls
 e - a scroll of enchant weapon {unknown}
 f - a scroll of silence {unknown}
Potions
 a - a potion of lignification
 d - a potion of magic {unknown}
 g - 2 potions of degeneration {unknown}


   Skills:
 + Level 1.8 Fighting
 + Level 2.5 Dodging
 + Level 3.4 Unarmed Combat
 * Level 3.7 Shapeshifting


You had 3 spell levels left.
You didn't know any spells.
Your spell library contained the following spells:

 Spells                   Type           Power      Damage    Failure   Level
 Freeze                   Ice            0%         1d3       32%         1
 Ensorcelled Hibernation  Hex/Ice        0%         N/A       45%         2
 Frozen Ramparts          Ice            0%         1d1       69%         3
 Hailstorm                Conj/Ice       0%         3d5       69%         3
 Passwall                 Erth           0%         N/A       69%         3
 Swiftness                Air            0%         N/A       69%         3


Dungeon Overview and Level Annotations

Branches:
Dungeon (2/15)

Altars:

Annotations:
D:2 Jessica


Innate Abilities, Weirdness & Mutations

You are a hulking beast.
Your limbs bulge with bestial killing power. (Slay +2)
You cannot wear most types of armour.
You are amphibious.
You can wear up to eight rings at the same time.
Your skin changes colour to match your surroundings (Stealth+).
Your rubbery body absorbs attacks. (AC +1, EV +1)
((You are camouflaged when in or above water. (Stealth+)))
You have tentacles for arms and can constrict up to eight enemies at once.


Message History

You constrict Jessica. Jessica hits you with a +0 dagger.
Jessica mumbles some strange words.
Jessica blinks free!
You tentacle-slap the bat.
You kill the bat!
You see here a bat corpse.
Jessica hits you but does no damage.
You tentacle-slap Jessica but do no damage.
Your grab misses Jessica.
Jessica is moderately wounded.
Jessica hits you with a +0 dagger.
You are too injured to fight recklessly!
Jessica is nearby!
You are too injured to fight recklessly!
You are too injured to fight recklessly!
You are too injured to fight recklessly!
You are too injured to fight recklessly!
You are too injured to fight recklessly!
You are too injured to fight recklessly!
You are too injured to fight recklessly!
You are too injured to fight recklessly!
You are too injured to fight recklessly!
You are too injured to fight recklessly!
Jessica is nearby!
You tentacle-slap Jessica but do no damage.
Your grab misses Jessica.
Jessica is moderately wounded.
Jessica hits you with a +0 dagger! Jessica closely misses you.
You tentacle-slap Jessica but do no damage.
You grab Jessica.
Jessica is moderately wounded.
You constrict Jessica, but do no damage.
Jessica hits you with a +0 dagger.
You tentacle-slap Jessica.
Jessica is heavily wounded.
You constrict Jessica, but do no damage.
Jessica hits you with a +0 dagger.
* * * LOW HITPOINT WARNING * * *
Jessica hits you with a +0 dagger.
You die...

#.###...(....#
#.# #....#####
#.# ###..##
#.#####...####
#.........>...
######.##...#
#.# ##.# #†#
#h# #....@?..#
#....?...#
#........#
#..........
#........##.
#........#
#........#


You could see Jessica (fast).

Vanquished Creatures
  An adder (D:2)
  A dart slug (D:1)
  A ribbon worm (D:2)
  4 ball pythons
  5 bats
  6 endoplasms
  2 goblins
  5 hobgoblins
  3 jackals (D:1)
  3 quokkas (D:1)
  2 frilled lizards
  6 kobolds (D:1)
  5 rats
44 creatures vanquished.

Notes
Turn   | Place    | Note
-------+----------+-------------------------------------------
     0 | D:1      | Killerpretzel the Octopode Shapeshifter began the quest for
                  | the Orb.
     0 | D:1      | Reached XP level 1. HP: 13/13 MP: 1/1
    56 | D:1      | Reached XP level 2. HP: 4/18 MP: 2/2
   360 | D:1      | Reached XP level 3. HP: 19/23 MP: 3/3
  1079 | D:2      | Reached XP level 4. HP: 22/29 MP: 4/4
  1140 | D:2      | Noticed Jessica
  1152 | D:2      | Slain by Jessica

Illustrated notes

Levels and vault maps discovered:
D:1:      lightli_arrival_quake, layout_basic, serial_forest,
          infiniplex_forest_clump_double, infiniplex_forest_lined_2,
          infiniplex_forest_clump_tiny, infiniplex_forest_clump_double,
          infiniplex_forest_lined_3_way, infiniplex_forest_fountain,
          skrybe_limestone_x
D:2:      layout_rooms, uniq_sigmund, uniq_jessica

Action                     |  1- 3 |  4- 6 || total
---------------------------+-------+-------++-------
  Melee: Unarmed           |    79 |     8 ||    87
         Constrict         |    14 |     2 ||    16
         Tentacles         |    14 |       ||    14
         Punch             |     2 |       ||     2
    Use: Scroll            |     1 |       ||     1
   Stab: Sleeping          |     7 |       ||     7
 Armour: Skin              |    38 |     7 ||    45
  Dodge: Dodged            |    43 |     2 ||    45
